 Dungeon Crawl Stone Soup version 0.29-a0-1052-g6990b1bffc (webtiles) character file.

Game seed: 7436955499660266540

987 tatocazan the Trooper (level 7, 0/50 (56) HPs)
             Began as a Demonspawn Fighter on Aug 18, 2022.
             Was a Follower of Okawaru.
             Slain by a water moccasin (5 damage)
             ... on level 6 of the Dungeon.
             The game lasted 00:06:28 (5517 turns).

tatocazan the Trooper (Demonspawn Fighter)          Turns: 5517, Time: 00:06:29

HP:   0/50 (56)     AC:  9    Str: 18    XL:     7   Next: 97%
MP:   9/9           EV:  3    Int:  9    God:    Okawaru [*.....]
Gold: 258           SH: 13    Dex: 13    Spells: 6/6 levels left

rFire   + + .      SeeInvis .   a - +0 war axe
rCold   + . .      Faith    +   p - +0 tower shield
rNeg    . . .      Spirit   .   s - +0 chain mail
rPois   .          Reflect  .   (helmet restricted)
rElec   .          Harm     .   A - scarf {rC+ rF+}
rCorr   .          Rampage  .   (no gloves)
Will    .....                   (no boots)
Stlth   ..........              r - amulet of faith
HPRegen 0.16/turn               g - ring of protection from fire
MPRegen 0.11/turn               (no ring)

@: heavily drained
A: horns 2, powered by death 2
a: Renounce Religion, Heroism


You were on level 6 of the Dungeon.
You worshipped Okawaru.
Okawaru was aware of your devotion.
You visited 1 branch of the dungeon, and saw 6 of its levels.

You collected 258 gold pieces.

Inventory:

Hand Weapons
 a - a +0 war axe (weapon)
 w - a +0 whip
 x - a +0 vorpal flail
Missiles
 D - 3 atropa-tipped darts (quivered)
Armour
 b - a +0 scale mail
 c - a +0 buckler
 p - a +0 tower shield (worn)
 s - a +0 chain mail (worn)
 A - a scarf of resistance (worn)
Jewellery
 g - a ring of protection from fire (left hand)
 r - an amulet of faith (around neck)
Wands
 q - a wand of quicksilver (11)
 v - a wand of flame (16)
 y - a wand of polymorph (9)
 C - a wand of roots (15)
Scrolls
 d - 3 scrolls of poison
 e - a scroll of immolation {unknown}
 f - 2 scrolls of identify
 h - a scroll of enchant weapon {unknown}
 l - a scroll of teleportation {unknown}
 n - a scroll of amnesia
 u - a scroll of blinking {unknown}
Potions
 i - a potion of brilliance
 j - a potion of magic {unknown}
 k - a potion of resistance {unknown}
 m - 2 potions of flight {unknown}
 o - a potion of curing
 t - 2 potions of might
 z - a potion of mutation {unknown}
 B - 2 potions of lignification {unknown}
 E - a potion of berserk rage {unknown}


   Skills:
 + Level 5.0 Fighting
 * Level 4.9 Axes
 + Level 4.6 Armour
 + Level 4.5 Shields
 * Level 3.2 Invocations


You had 6 spell levels left.
You didn't know any spells.
Your spell library contained the following spells:

 Spells                   Type           Power      Damage    Failure   Level
 Ignite Poison            Fire/Tmut/Pois 0%         N/A       100%        3
 Mephitic Cloud           Conj/Pois/Air  0%         N/A       100%        3
 Freezing Cloud           Conj/Ice/Air   0%         6-21      100%        5


Dungeon Overview and Level Annotations

Branches:
Dungeon (6/15)
 Temple: D:4-7

Altars:
Dithmenos
Fedhas
Makhleb
Okawaru

Annotations:
D:6 Edmund


Innate Abilities, Weirdness & Mutations

You have a pair of horns on your head.
You regenerate health from kills.


Message History

You feel drained. The hound bites you.
You take 21 damage, and have 23/54 hp.
MASSIVE DAMAGE!!
You are too injured to fight recklessly!
You are too injured to fight recklessly!
You are too injured to fight recklessly!
You are too injured to fight recklessly!
You are too injured to fight recklessly!
You are too injured to fight recklessly!
You are too injured to fight recklessly!
You are too injured to fight recklessly!
You are too injured to fight recklessly!
You are too injured to fight recklessly!
You are too injured to fight recklessly!
You are too injured to fight recklessly!
You are too injured to fight recklessly!
It was a potion of curing.
You feel better. You block the water moccasin's attack.
Edmund hits you with a +6 flail of draining.
You feel drained. You block the hound's attack.
The water moccasin bites you but does no damage.
You regained 5 hp, and now have 28/53 hp.
You barely miss the water moccasin.
Your headbutt misses the water moccasin.
You hit Edmund. You miss the hound. You block the hound's attack.
The water moccasin bites you but does no damage.
You block Edmund's attack. The hound bites you.
The water moccasin bites you but does no damage.
Edmund hits you with a +6 flail of draining.
You feel drained. The hound barely misses you.
You take 5 damage, and have 23/52 hp.
You barely miss the water moccasin. You headbutt the water moccasin!
The water moccasin is moderately wounded.
You hit Edmund. You hit the hound but do no damage.
You block the water moccasin's attack. You block the hound's attack.
Edmund hits you with a +6 flail of draining!
* * * LOW HITPOINT WARNING * * *
You feel drained.
* * * LOW HITPOINT WARNING * * *
The water moccasin bites you.
You die...

##...........
##..........##
##..#.#.#...##
#####.....#......#
#......###.........
#..........##.#.#..
##.....#######.#..#.
#####.@....# .....#.
#.....h@...# .....
......†S$.:#
...<.......#
...../...?##
...........
....##....## .###
###..# ..#


You could see Edmund, a water moccasin and a hound.

Vanquished Creatures
  An ice beast (D:6)
  A black bear (D:6)
  2 necrophages (D:5)
  A gnoll sergeant (D:5)
  2 hounds
  4 jellies
  2 orc priests
  Natasha (thrice) (D:4)
  2 iguanas (D:5)
  An orc wizard (D:4)
  11 gnolls
  4 adders
  2 dart slugs
  11 orcs
  7 bats
  11 endoplasms
  4 giant cockroaches (D:1)
  8 goblins
  3 hobgoblins
  3 jackals
  8 kobolds (D:2)
  2 quokkas
  10 ball pythons
  4 frilled lizards
  4 rats
111 creatures vanquished.

Vanquished Creatures (others)
  4 fungi (D:2)
  10 toadstools (D:2)
14 creatures vanquished.

Grand Total: 125 creatures vanquished

Notes
Turn   | Place    | Note
-------+----------+-------------------------------------------
     0 | D:1      | tatocazan the Demonspawn Fighter began the quest for the
                  | Orb.
     0 | D:1      | Reached XP level 1. HP: 18/18 MP: 1/1
   116 | D:1      | Found a faded altar of an unknown god.
   176 | D:1      | Gained mutation: You have a pair of small horns on your
                  | head. [demonic ancestry]
   176 | D:1      | Reached XP level 2. HP: 24/24 MP: 2/2
  1049 | D:2      | Gained mutation: You regenerate a little health from kills.
                  | [demonic ancestry]
  1049 | D:2      | Reached XP level 3. HP: 26/29 MP: 3/3
  1706 | D:2      | Gained mutation: You regenerate health from kills. [demonic
                  | ancestry]
  1706 | D:2      | Reached XP level 4. HP: 21/36 MP: 4/4
  1921 | D:2      | Reached XP level 5. HP: 42/42 MP: 5/5
  1932 | D:2      | Reached skill level 4 in Fighting
  2199 | D:3      | Found a burning altar of Makhleb.
  2523 | D:3      | Found a shadowy altar of Dithmenos.
  2608 | D:4      | Noticed Natasha
  2621 | D:4      | Killed Natasha
  2909 | D:4      | Gained mutation: You have a pair of horns on your head.
                  | [demonic ancestry]
  2909 | D:4      | Reached XP level 6. HP: 48/48 MP: 6/6
  3025 | D:4      | Noticed Natasha
  3033 | D:4      | Killed Natasha
  3686 | D:4      | Noticed Natasha
  3693 | D:4      | Killed Natasha
  4087 | D:5      | Entered Level 5 of the Dungeon
  4213 | D:5      | Found an iron altar of Okawaru.
  4255 | D:5      | Became a worshipper of Warmaster Okawaru
  4269 | D:5      | Reached XP level 7. HP: 31/55 MP: 7/7
  4629 | D:5      | Reached * piety under Okawaru
  4630 | D:5      | Reached skill level 1 in Invocations
  4950 | D:5      | Found a blossoming altar of Fedhas.
  5486 | D:6      | Reached skill level 5 in Fighting
  5506 | D:6      | Noticed Edmund
  5517 | D:6      | Slain by a water moccasin

Illustrated notes

Levels and vault maps discovered:
D:1:      dpeg_arrival_fog, layout_basic, chequers_ecumenical_altar_twisty
D:2:      cheibrodos_fertilizer, layout_basic
D:3:      layout_rooms, grunt_dithmenos_smoke, mainiacjoe_overflow_alcove_4
D:4:      layout_cave_pods, zin_treasury, uniq_natasha
D:5:      layout_gridville, okawaru_gym_becter, marbit_many_paths,
          minmay_parallelograms
D:6:      layout_rooms, nicolae_ossuary_entry_catacombs, uniq_edmund

Skill      XL: |  1  2  3  4  5  6  7 |
---------------+----------------------+-----
Axes           | 2 3 4 |  4.9
Armour         | 3 4 |  4.6
Shields        | 3 4 |  4.5
Fighting       | 4 5 |  5.0
Invocations    | 3 |  3.2

Action                   |  1- 3 |  4- 6 |  7- 9 || total
-------------------------+-------+-------+-------++-------
Melee: War axe           |   103 |   143 |    64 ||   310
       Headbutt          |    12 |    26 |    20 ||    58
  Use: Potion            |     1 |     3 |     1 ||     5
       Scroll            |       |       |     2 ||     2
Armor: Scale mail        |    63 |    21 |       ||    84
       Chain mail        |       |    63 |    34 ||    97
       Skin              |       |     8 |       ||     8
Dodge: Dodged            |    68 |    31 |    13 ||   112
Block: Buckler           |    36 |    20 |       ||    56
       Tower shield      |       |    68 |    69 ||   137

Table legend: (Time is in decaauts)
 A = Elapsed time spent in this place.
 B = Non-inter-level travel time spent in this place.
 C = Inter-level travel time spent in this place.
 D = Time resting spent in this place.
 E = Time spent auto-exploring this place.
 F = Levels seen in this place.
 G = Mean time per level.
                   A        B        C        D        E       F      G
               +--------+--------+--------+--------+--------+-----+--------+
         Total |   5685 |   5542 |    143 |   1061 |   3565 |   6 |  947.5 |
       Dungeon |   5685 |   5542 |    143 |   1061 |   3565 |   6 |  947.5 |
               +--------+--------+--------+--------+--------+-----+--------+

Top non-repeatable levels by time:
     D:4: 1573 daAuts
     D:1: 1491 daAuts
     D:5: 1106 daAuts
     D:2: 677 daAuts
     D:3: 464 daAuts
     D:6: 372 daAuts
